 Dungeon Crawl Stone Soup version 0.31.0-12-g77e489cdc1 (webtiles) character file.

Game seed: 6271109374226456635

89 PaiMei the Grave Robber (level 4, -3/32 HPs)
             Began as a Demonspawn Necromancer on Feb 21, 2024.
             Slain by a gnoll
             ... wielding a +0 spear
              (5 damage)
             ... on level 3 of the Dungeon.
             The game lasted 00:03:42 (2721 turns).

PaiMei the Grave Robber (Demonspawn Necromancer)    Turns: 2721, Time: 00:03:42

Health: -3/32      AC:  3    Str:  8    XL:     4   Next: 31%
Magic:  0/7        EV: 14    Int: 18    God:
Gold:   89         SH:  0    Dex: 13    Spells: 7/8 levels left

rFire   . . .        h - +0 dagger (freeze)
rCold   . . .        (no shield)
rNeg    . . .        a - +0 robe
rPois   .            r - +0 helmet
rElec   .            (no cloak)
rCorr   .            (no gloves)
SInv    .            (no boots)
Will    .....        (no amulet)
Stlth   ++           l - +4 ring of slaying
HPRegen 0.25/turn    (no ring)
MPRegen 0.10/turn

%: no passive effects
@: no status effects
A: repulsion field 1
a: no special abilities


You were on level 3 of the Dungeon.
You visited 1 branch of the dungeon, and saw 3 of its levels.

You collected 89 gold pieces.

Inventory:

Hand Weapons
 e - a +0 dagger
 h - a +0 dagger of freezing (weapon)
Missiles
 s - 5 poisoned darts (quivered)
Armour
 a - a +0 robe (worn)
 j - a +0 hat
 r - a +0 helmet (worn)
Jewellery
 l - a +4 ring of slaying (left hand)
Scrolls
 c - 3 scrolls of fog {unknown}
 f - a scroll of revelation {unknown}
 k - 2 scrolls of enchant armour {unknown}
 m - a scroll of fear {unknown}
 n - 2 scrolls of identify {unknown}
 o - a scroll of summoning {unknown}
 p - 2 scrolls of teleportation {unknown}
Potions
 b - a potion of magic
 d - 2 potions of heal wounds {unknown}
 g - a potion of haste {unknown}
 i - a potion of curing {unknown}
 q - a potion of enlightenment {unknown}
 t - a potion of resistance {unknown}
 u - a potion of berserk rage {unknown}


   Skills:
 + Level 1.4 Fighting
 + Level 2.5 Dodging
 - Level 2.0 Stealth
 + Level 2.6 Spellcasting
 + Level 5.0 Necromancy


You had 7 spell levels left.
You knew the following spells:

 Your Spells              Type           Power      Damage    Failure   Level
a - Necrotise             Necr           80%        1d8       2%          1

Your spell library contained the following spells:

 Spells                   Type           Power      Damage    Failure   Level
 Vampiric Draining        Necr           20%        2d7       6%          3
 Animate Dead             Necr           20%        N/A       22%         4
 Curse of Agony           Necr           20%        N/A       52%         5


Dungeon Overview and Level Annotations

Branches:
Dungeon (3/15)

Altars:


Innate Abilities, Weirdness & Mutations

You are surrounded by a mild repulsion field. (EV +2)


Message History

The gnoll hits you from afar with a +0 spear.
* * * LOW HITPOINT WARNING * * *
The gnoll closely misses you.
Casting: Necrotise (safe; 2% risk of failure)
Confirm with . or Enter, or press ? or * to list all spells.
Aiming: Necrotise (safe; 2% risk of failure)
Press: ? - help, Shift-Dir - straight line, f/p - ribbon worm
Aim: a ribbon worm (chance to affect: 84%)
The gnoll writhes in agony.
The gnoll hits you from afar with a +0 spear.
* * * LOW HITPOINT WARNING * * *
The gnoll barely misses you.
Casting: Necrotise (safe; 2% risk of failure)
Confirm with . or Enter, or press ? or * to list all spells.
You don't have enough magic to cast this spell.
Casting: Necrotise (safe; 2% risk of failure)
Confirm with . or Enter, or press ? or * to list all spells.
You don't have enough magic to cast this spell.
You hit the gnoll. You freeze the gnoll.
The gnoll is severely wounded.
The gnoll barely misses you. x2
You barely miss the gnoll.
The gnoll is severely wounded.
The gnoll misses you. The gnoll closely misses you.
Casting: Necrotise (safe; 2% risk of failure)
Confirm with . or Enter, or press ? or * to list all spells.
You don't have enough magic to cast this spell.
You hit the gnoll. You freeze the gnoll.
The gnoll is severely wounded.
The gnoll closely misses you. The gnoll hits you with a +0 club.
* * * LOW HITPOINT WARNING * * *
Casting: Necrotise (safe; 2% risk of failure)
Confirm with . or Enter, or press ? or * to list all spells.
You don't have enough magic to cast this spell.
You hit the gnoll. You freeze the gnoll.
You kill the gnoll!
The gnoll hits you from afar with a +0 spear.
* * * LOW HITPOINT WARNING * * *
The gnoll hits you from afar with a +0 spear.
You die...

####.###.# #..#.[# #.# #.#
g........## ###..#.###.#. #
. ..# #...........# # #.#
#.#....###.)# # #.#
#.#....# ..# #.#
#.##...###.# #.#
#..........# #########.#
####.#.#.### ##
..........######@#...# .
#...#####....wg..#...######
### #.#.#
#.########......... #..
#.#.# #.# ##.............#
#.#.# #.# #.#############
#.#.#####.# #..............
#.#.......# #..############
#......#### #..# ####.###
#..#


You could see a ribbon worm and a gnoll.

Vanquished Creatures
  2 gnolls (D:3)
  3 ribbon worms (D:2)
  4 orcs (D:3)
  6 ball pythons
  6 bats
  3 endoplasms (D:1)
  A giant cockroach (D:1)
  6 hobgoblins
  4 jackals
  4 quokkas
  A frilled lizard (D:1)
  5 goblins
  3 kobolds
  5 rats
53 creatures vanquished.

Vanquished Creatures (collateral kills)
  An endoplasm (D:1)
  A jackal (D:1)
  A ball python (D:2)
  A kobold (D:1)
4 creatures vanquished.

Grand Total: 57 creatures vanquished

Notes
Turn   | Place    | Note
-------+----------+-------------------------------------------
     0 | D:1      | PaiMei the Demonspawn Necromancer began the quest for the
                  | Orb.
     0 | D:1      | Reached XP level 1. HP: 13/13 MP: 3/3
   400 | D:1      | Gained mutation: You are surrounded by a mild repulsion
                  | field. (EV +2) [demonic ancestry]
   400 | D:1      | Reached XP level 2. HP: 19/19 MP: 3/5
   902 | D:1      | Reached XP level 3. HP: 23/25 MP: 0/6
  1214 | D:2      | Reached skill level 1 in Fighting
  2602 | D:3      | Reached XP level 4. HP: 32/32 MP: 3/7
  2681 | D:3      | Reached skill level 5 in Necromancy
  2720 | D:3      | HP: 1/32 [gnoll/+0 spear (2)]
  2721 | D:3      | Slain by a gnoll

Illustrated notes

Levels and vault maps discovered:
D:1:      scummos_arrival_hexagon, layout_rooms
D:2:      layout_loops_cross
D:3:      layout_loops_ring

Skill      XL: |  1  2  3  4 |
---------------+-------------+-----
Stealth        | 2 |  2.0
Dodging        | 2 |  2.5
Fighting       | 1 |  1.4
Necromancy     | 5 |  5.0
Spellcasting   | |  2.6

Action                     |  1- 3 |  4- 6 || total
---------------------------+-------+-------++-------
  Melee: Unarmed           |     7 |       ||     7
         Dagger            |    31 |     5 ||    36
         Punch             |     1 |       ||     1
   Cast: Necrotise         |   100 |    12 ||   112
 Armour: Robe              |    25 |     9 ||    34
  Dodge: Dodged            |    63 |    11 ||    74
